 Dungeon Crawl Stone Soup version 0.19-a0-944-gb338e1e (webtiles) character file.

16420 Implojin the Grappler (level 12, -1/198 HPs)
             Began as a Troll Fighter on July 9, 2016.
             Was an Elder of Okawaru.
             Slain by a manticore (3 damage)
             ... on level 3 of the Shoals.
             The game lasted 00:25:56 (2709 turns).

Implojin the Grappler (Troll Fighter)               Turns: 2709, Time: 00:25:57

Health: -1/198     AC: 26    Str: 27    XL:     12   Next: 9%
Magic:  13/14      EV:  1    Int:  4    God:    Okawaru [****..]
Gold:   2          SH: 13    Dex: 13    Spells: 0 memorised, 11 levels left

rFire  . . .     SeeInvis .       - Unarmed
rCold  . . .     Gourm    +     (armour currently unavailable)
rNeg   + + +     Faith    .     b - +1 shield
rPois  +         Spirit   .     (helmet currently unavailable)
rElec  .         Dismiss  .     (cloak currently unavailable)
rCorr  .         Reflect  .     (gloves unavailable)
SustAt .         Harm     .     (boots unavailable)
MR     .....     NoTele   +     (no amulet)
Stlth  ++++......               (no ring)
                                u - ring of positive energy

@: tree-form, heroism, manticore barbs, not resistant to hostile enchantments,
stealthy
A: unfitting armour, (claws 0), fast metabolism 3, gourmand, regeneration 2,
(shaggy fur 0), (tough skin 0)
a: Heroism, Renounce Religion


You were on level 3 of the Shoals.
You worshipped Okawaru.
Okawaru was greatly pleased with you.
You were full.
You were a tree.
You visited 5 branches of the dungeon, and saw 21 of its levels.

You collected 157 gold pieces.
You spent 155 gold pieces at shops.

Inventory:

Hand Weapons
 c - a +3 hand axe of flaming
Missiles
 p - 3 large rocks (quivered)
 t - a throwing net
Armour
 b - a +1 shield (worn)
 i - a +2 robe of magic resistance (melded)
 F - a +2 robe of fire resistance
Magical Staves
 A - an uncursed staff of poison
Jewellery
 a - an uncursed ring of loudness
 u - a ring of positive energy (left branch)
 y - an uncursed ring of wizardry
Wands
 o - a wand of iceblast (10/15)
 s - a wand of polymorph (8/24)
 w - a wand of digging (13/24)
 x - a wand of iceblast (7/15)
 C - a wand of iceblast (12/15)
Scrolls
 f - a scroll of enchant armour
 g - 2 scrolls of fear
 n - 2 scrolls of magic mapping
 B - a scroll of enchant weapon
 D - a scroll of recharging {unknown}
 E - a scroll of brand weapon {unknown}
Potions
 h - a potion of curing
 k - 2 potions of lignification
 m - 2 potions of haste {unknown}
 q - 3 potions of degeneration
 G - 2 potions of mutation {unknown}
Comestibles
 d - 4 bread rations
 r - a meat ration
 v - 5 beef jerkies
 z - 4 chunks of flesh


   Skills:
 - Level 12.0(17.0) Fighting
 * Level 3.1(8.1) Dodging
 - Level 4.0(9.0) Shields
 - Level 12.0(17.0) Unarmed Combat
 - Level 5.0 Invocations


You had 11 spell levels left.
You didn't know any spells.

Dungeon Overview and Level Annotations

Branches:
Dungeon (12/15)            Temple (1/1) D:6            Lair (4/6) D:8
 Shoals (3/4) Lair:2       Spider (1/4) Lair:2
    Orc: D:9-12

Altars:
Ashenzari
Cheibriados
Dithmenos
Elyvilon
Fedhas
Gozag
Hepliaklqana
Kikubaaqudgha
Makhleb
Nemelex Xobeh
Okawaru
Pakellas
Qazlal
Ru
Trog
Uskayaw
Vehumet
Xom
Zin

Shops:
D:5 ?

Portals:
Ice
Cave: Shoals:3

Annotations:
Lair:3 exclusion: downstairs


Innate Abilities, Weirdness & Mutations

You are too large for most types of armour.
((You have claws for hands.))
Your metabolism is lightning-fast.
You like to eat raw meat.
You heal very quickly.
((You are covered in fur. (AC +1)))
((You have very tough skin. (AC +2)))


Message History

The satyr plays a rousing melody on his pipes!
The manticore is stirred to greatness!
The barbed spikes dig painfully into your body as you move.
Unknown command.
The snapping turtle hisses angrily.
You eviscerate the manticore!!!
The manticore is almost dead.
The manticore bites you!!
* * * LOW HITPOINT WARNING * * *
The manticore claws you but does no damage.
You block the manticore's attack.
Unknown command.
You completely miss the manticore.
The manticore is almost dead.
The manticore bites you!
* * * LOW HITPOINT WARNING * * *
The manticore claws you!
* * * LOW HITPOINT WARNING * * *
The manticore claws you!
* * * LOW HITPOINT WARNING * * *
You feel much better. The snapping turtle closely misses you.
The satyr shoots a sling bullet.
The sling bullet misses you. The manticore closely misses you.
The manticore claws you but does no damage.
You block the manticore's attack.
You turn into a tree.
Your +2 robe of magic resistance melds into your body.
You feel less resistant to hostile enchantments.
Your roots penetrate the ground.
The snapping turtle bites you but does no damage.
You block the manticore's attack. x2
The manticore claws you but does no damage.
The satyr plays a lulling melody on his pipes!
You fall asleep.
The snapping turtle bites you from afar!!!!
You wake up.
* * * LOW HITPOINT WARNING * * *
The manticore bites you but does no damage.
You block the manticore's attack. The manticore claws you.
You die...

... ≈≈≈≈ ...
≈≈≈≈≈≈. #...
t≈≈≈≈≈. .....
..≈≈≈≈≈ ∩.#..#
...≈≈≈≈
......###t..≈≈≈≈
#.....[♣H..≈≈≈≈≈
....≈≈≈.c.≈≈≈≈≈≈
...≈≈≈≈.≈≈≈.≈≈≈≈
..≈≈≈≈≈≈(≈..≈≈≈≈
..≈≈≈≈≈≈≈≈.≈≈≈≈≈
≈≈≈≈≈≈≈<.≈≈≈≈≈≈≈
≈≈≈≈≈≈...≈≈≈≈≈≈≈
≈≈≈≈≈$...≈≈≈≈≈≈≈
≈≈≈≈≈≈≈≈≈≈≈≈≈≈≈≈


You could see a satyr, a snapping turtle and a manticore.

Vanquished Creatures
  A merfolk avatar (Shoals:2)
  The ghost of mathmaestro the Martial Artist, a novice OpTm of Fedhas (Lair:1)
  2 hill giants
  An ugly thing (D:9)
  3 manticores
  A cyclops (D:11)
  3 griffons
  2 spiny frogs
  A gargoyle (D:10)
  A rime drake (Lair:3)
  4 komodo dragons
  A kobold demonologist (D:11)
  A merfolk (Shoals:2)
  A jumping spider (Lair:2)
  7 blink frogs
  2 snapping turtles (Shoals:2)
  6 redbacks
  A wraith (D:11)
  A water elemental (Shoals:2)
  2 hippogriffs
  A hungry ghost (D:11)
  12 yaks
  A basilisk (Lair:1)
  4 water moccasins
  3 porcupines
  2 ice beasts
  2 centaurs
  An ogre (D:4)
  10 wolves (Lair:2)
  A crocodile (Lair:2)
  4 big kobolds (D:11)
  4 giant frogs
  3 howler monkeys
  A crimson imp (D:8)
  A jelly (D:11)
  A hound (D:4)
  An orc wizard (D:9)
  2 giant frog skeletons
  A giant frog zombie (D:9)
  4 iguanas
  Jessica (D:3)
  A worker ant (D:4)
  2 sheep (D:11)
  The ghost of Implojin the Ruffian, a weakling TrFi (D:3)
  A hound skeleton (D:8)
  A howler monkey zombie (D:8)
  A howler monkey skeleton (D:4)
  4 adders
  8 river rats
  An adder skeleton (D:6)
  2 giant geckos
  3 orcs
  A giant cockroach (D:3)
  3 goblins (D:3)
  A hobgoblin (D:3)
  4 jackals (D:4)
  5 kobolds
  3 giant newts
  A quokka zombie (D:6)
  3 rats (D:3)
  A fungus (D:8)
149 creatures vanquished.

Vanquished Creatures (others)
  A fungus (Lair:1)
  A plant (Lair:2)
2 creatures vanquished.

Grand Total: 151 creatures vanquished

Notes
Turn   | Place    | Note
-------+----------+-------------------------------------------
     0 | D:1      | Implojin the Troll Fighter began the quest for the Orb.
     0 | D:1      | Reached XP level 1. HP: 22/22 MP: 0/0
    36 | D:2      | Reached XP level 2. HP: 29/29 MP: 1/1
    45 | D:3      | Noticed Implojin's ghost (weakling TrFi)
    59 | D:3      | Killed Implojin's ghost
    59 | D:3      | Reached skill level 3 in Unarmed Combat
    59 | D:3      | Reached XP level 3. HP: 20/36 MP: 2/2
    98 | D:3      | Found a bloodstained altar of Trog.
   156 | D:3      | Noticed Jessica
   162 | D:3      | Killed Jessica
   162 | D:3      | Reached skill level 4 in Unarmed Combat
   162 | D:3      | Reached XP level 4. HP: 44/44 MP: 3/3
   170 | D:3      | Found a burning altar of Makhleb.
   438 | D:4      | Noticed an ogre
   447 | D:4      | Killed an ogre
   447 | D:4      | Reached skill level 5 in Unarmed Combat
   447 | D:4      | Reached XP level 5. HP: 25/50 MP: 4/4
   456 | D:4      | Reached skill level 6 in Unarmed Combat
   498 | D:5      | Entered Level 5 of the Dungeon
   508 | D:5      | Found Meastrurgh's Magic Scroll Boutique.
   540 | D:6      | Found a staircase to the Ecumenical Temple.
   545 | D:6      | Noticed an ice beast
   549 | Temple   | Entered the Ecumenical Temple
   583 | Temple   | Became a worshipper of Warmaster Okawaru
   604 | D:6      | Killed an ice beast
   604 | D:6      | Reached XP level 6. HP: 59/59 MP: 5/5
   629 | D:6      | Reached * piety under Okawaru
   629 | D:6      | Reached skill level 7 in Unarmed Combat
   713 | D:9      | Noticed a purple ugly thing
   742 | D:9      | Killed a purple ugly thing
   742 | D:9      | Reached ** piety under Okawaru
   742 | D:9      | Reached skill level 9 in Unarmed Combat
   742 | D:9      | Reached XP level 7. HP: 26/66 MP: 3/6
   793 | D:9      | Noticed a hill giant
   805 | D:9      | Killed a hill giant
   805 | D:9      | Reached *** piety under Okawaru
   805 | D:9      | Reached skill level 10 in Unarmed Combat
   805 | D:9      | Reached XP level 8. HP: 22/74 MP: 4/7
   820 | D:10     | Entered Level 10 of the Dungeon
   824 | D:10     | Noticed a gargoyle
   835 | D:10     | Killed a gargoyle
   835 | D:10     | Reached skill level 11 in Unarmed Combat
   948 | D:11     | Noticed a cyclops
   956 | D:11     | Killed a cyclops
   956 | D:11     | Reached skill level 12 in Unarmed Combat
   956 | D:11     | Reached XP level 9. HP: 68/80 MP: 5/8
  1001 | D:11     | Reached skill level 3 in Fighting
  1057 | D:11     | Noticed a hill giant
  1070 | D:11     | Killed a hill giant
  1070 | D:11     | Reached **** piety under Okawaru
  1070 | D:11     | Reached skill level 5 in Fighting
  1130 | D:11     | Received a gift from Okawaru
  1149 | D:11     | Noticed a komodo dragon
  1158 | D:11     | Killed a komodo dragon
  1158 | D:11     | Reached skill level 6 in Fighting
  1170 | D:11     | Noticed a kobold demonologist
  1176 | D:11     | Noticed a sun demon
  1183 | D:11     | Noticed a red devil
  1187 | D:11     | Noticed a red devil
  1188 | D:11     | Killed a kobold demonologist
  1197 | D:11     | Reached skill level 7 in Fighting
  1197 | D:11     | Reached XP level 10. HP: 15/102 MP: 6/9
  1391 | D:8      | Reached ***** piety under Okawaru
  1441 | D:8      | Found a staircase to the Lair.
  1459 | Lair:1   | Entered Level 1 of the Lair of Beasts
  1459 | Lair:1   | Noticed mathmaestro's ghost (novice OpTm)
  1472 | Lair:1   | Killed mathmaestro's ghost
  1472 | Lair:1   | Reached skill level 8 in Fighting
  1578 | Lair:1   | Reached skill level 9 in Fighting
  1588 | Lair:1   | Noticed a spiny frog
  1591 | Lair:1   | Noticed a five-headed hydra
  1648 | Lair:2   | Noticed a griffon
  1648 | Lair:2   | Noticed a manticore
  1668 | Lair:2   | Killed a griffon
  1668 | Lair:2   | Received a gift from Okawaru
  1668 | Lair:2   | Reached skill level 10 in Fighting
  1670 | Lair:2   | Killed a manticore
  1728 | Lair:2   | Found a hole to the Spider Nest.
  1748 | Lair:2   | Reached XP level 11. HP: 101/119 MP: 7/10
  1776 | Spider:1 | Entered Level 1 of the Spider Nest
  1787 | Spider:1 | Noticed an orb spider
  1845 | Lair:3   | Reached skill level 11 in Fighting
  1941 | Lair:4   | Noticed a four-headed hydra
  2034 | Lair:3   | Received a gift from Okawaru
  2084 | Lair:2   | Reached skill level 12 in Fighting
  2094 | Lair:2   | Reached skill level 3 in Shields
  2161 | Lair:2   | Found a staircase to the Shoals.
  2176 | Shoals:1 | Entered Level 1 of the Shoals
  2176 | Shoals:1 | Noticed a griffon
  2183 | Shoals:1 | Killed a griffon
  2183 | Shoals:1 | Reached skill level 4 in Shields
  2216 | Shoals:2 | Noticed a griffon
  2216 | Shoals:2 | Reached skill level 1 in Invocations
  2230 | Shoals:2 | Killed a griffon
  2230 | Shoals:2 | Reached skill level 2 in Invocations
  2231 | Shoals:2 | HP: 5/123 [merfolk/trident (21)]
  2236 | Shoals:2 | Reached skill level 3 in Invocations
  2252 | Shoals:2 | Noticed a merfolk avatar
  2282 | Shoals:2 | Killed a merfolk avatar
  2282 | Shoals:2 | Reached skill level 4 in Invocations
  2311 | Shoals:2 | Reached XP level 12. HP: 42/132 MP: 5/14
  2332 | Shoals:3 | Found a frozen archway.
  2332 | Shoals:3 | Noticed a satyr
  2366 | Lair:2   | Noticed a seven-headed hydra
  2408 | Lair:1   | Reached skill level 5 in Invocations
  2547 | D:5      | Bought a scroll of remove curse for 39 gold pieces
  2547 | D:5      | Bought a scroll of identify for 26 gold pieces
  2547 | D:5      | Bought a scroll of magic mapping for 45 gold pieces
  2547 | D:5      | Bought a scroll of magic mapping for 45 gold pieces
  2645 | Lair:2   | Reached skill level 3 in Dodging
  2709 | Shoals:3 | HP: 2/198 [snapping turtle (72)]
  2709 | Shoals:3 | Slain by a manticore

Vault maps used:
D:1:      minmay_arrival_jagged
D:2:      ecumenical_altar_1, fedhas_altar_2, uniq_terence,
          uniq_crazy_yiuf_cottage
D:3:      bloody_trog, nicolae_overflow_hidden_temple, hex_tiny, uniq_jessica
D:5:      lemuel_insect_pit, first_bread, serial_shops, shop,
          nicolae_ashenzari_panopticon, uniq_menkaure, uniq_grinder
D:6:      grunt_ministairs_1
D:7:      johnstein_pakellas_dig
D:8:      kennysheep_mini_moat, yredelemnul_altar_generic, dpeg_oklobed_lair,
          uniq_psyche
D:9:      orc_0_dummy, blue_anna_alchemist
D:10:     corexii_checkpoint_a, uniq_fannar, uniq_maurice
D:11:     minmay_glassy_protrusions
D:12:     uniq_rupert, uniq_azrael
Temple:   compressed_dpeg_circular_temple
Lair:1:   lightli_volcano_entry_magma_tube, serial_bayou_shore_b,
          infiniplex_staircase_pool_2
Lair:2:   minmay_shoals_entry_beasts, dummy_spider_entry
Lair:3:   minmay_holes, serial_bayou_pond_c, bh_autumn_forest_stairs,
          grunt_megastairs_3
Shoals:1: serial_shops, shop, nicolae_shoals_so_close, uniq_donald
Shoals:2: centaur_isle
Shoals:3: portal_ice_cave_entry_pillars_1

Skill      XL: |  1  2  3  4  5  6  7  8  9 10 11 12 |
---------------+-------------------------------------+-----
Unarmed Combat | 3 4 5 6 9 10 12 | 12.0
Fighting       | 7 10 12 | 12.0
Shields        | 4 |  4.0
Invocations    | 4 5 |  5.0
Dodging        | 3 |  3.1

Action                   |  1- 3 |  4- 6 |  7- 9 | 10-12 || total
-------------------------+-------+-------+-------+-------++-------
Melee: Unarmed           |    34 |    81 |    75 |   248 ||   438
Invok: Heroism           |       |     1 |    10 |    33 ||    44
       Finesse           |       |       |       |     1 ||     1
  Use: Potion            |       |     1 |     1 |     6 ||     8
       Scroll            |       |     4 |     2 |     7 ||    13
 Stab: Sleeping          |       |       |       |     1 ||     1
  Eat: Chunk             |     2 |     3 |     6 |    14 ||    25
       Meat ration       |       |     1 |       |       ||     1
Armor: Robe              |     8 |    41 |     6 |    30 ||    85
       Skin              |       |       |       |     3 ||     3
Dodge: Dodged            |     6 |    44 |    17 |    81 ||   148
Block: Shield            |    12 |    59 |    22 |   116 ||   209

Table legend:
 A = Turns spent in this place as a percentage of turns spent in the entire game.
 B = Non-inter-level travel turns spent in this place as a percentage of non-inter-level travel turns spent in the entire game.
 C = Inter-level travel turns spent in this place as a percentage of turns spent in this place.
 D = Turns resting spent in this place as a percentage of non-inter-level travel turns spent in this place.
 E = Turns spent auto-exploring this place as a percentage of non-inter-level travel turns spent in this place.
 F = Non-inter-level travel turns spent in this place divided by the number of levels of this place that you've seen.
                   A       B       C       D       E      F
               +-------+-------+-------+-------+-------+----------------------
         Total | 100.0 | 100.0 |   0.0 |   0.0 |   0.0 | 130.8
       Dungeon |  57.8 |  57.8 |   0.0 |   0.0 |   0.0 | 132.4
        Temple |   1.7 |   1.7 |   0.0 |   0.0 |   0.0 |  48.0
          Lair |  30.7 |  30.7 |   0.0 |   0.0 |   0.0 | 210.8
        Shoals |   8.6 |   8.6 |   0.0 |   0.0 |   0.0 |  79.0
   Spider Nest |   1.1 |   1.1 |   0.0 |   0.0 |   0.0 |  30.0
               +-------+-------+-------+-------+-------+----------------------

Table legend:
 A = Kills in this place as a percentage of kills in entire the game.
 B = Kills by you in this place as a percentage of kills by you in the entire game.
 C = Kills by friends in this place as a percentage of kills by friends in the entire game.
 D = Other kills in this place as a percentage of other kills in the entire game.
 E = Experience gained in this place as a percentage of experience gained in the entire game.
 F = Experience gained in this place divided by the number of levels of this place that you have seen.
                   A       B       C       D       E      F
               +-------+-------+-------+-------+-------+----------------------
         Total | 100.0 | 100.0 |  -nan |  -nan | 100.0 | 1117.0
       Dungeon |  49.3 |  49.3 |  -nan |  -nan |  26.9 | 526.2
          Lair |  41.9 |  41.9 |  -nan |  -nan |  51.7 | 3030.2
        Shoals |   6.1 |   6.1 |  -nan |  -nan |  17.7 | 1380.7
   Spider Nest |   2.7 |   2.7 |  -nan |  -nan |   3.8 | 881.0
               +-------+-------+-------+-------+-------+----------------------
